 Dungeon Crawl Stone Soup version 0.26.1-11-gd32895ea62 (webtiles) character file.

Game seed: 657693385512681182

998 DildoBatman the Magician (level 8, -4/57 HPs)
             Began as a Formicid Conjurer on May 13, 2021.
             Slain by a sky beast (5 damage)
             ... on level 6 of the Dungeon.
             The game lasted 00:16:35 (5321 turns).

DildoBatman the Magician (Formicid Conjurer)        Turns: 5321, Time: 00:16:35

Health: -4/57      AC:  3    Str: 12    XL:     8   Next: 42%
Magic:  0/18       EV: 12    Int: 20    God:
Gold:   394        SH:  0    Dex:  9    Spells: 18/21 levels left

rFire    + + .     SeeInvis +   a - +0 hunting sling
rCold    . . .     Faith    .   (no shield)
rNeg     . . .     Spirit   +   j - +0 robe
rPois    .         Reflect  .   (helmet unavailable)
rElec    .         Harm     .   c - scarf {rC+ rF+}
rCorr    .         Rampage  .   q - +0 pair of gloves
Will     .....                  (no boots)
Stlth    ++........             o - amulet of guardian spirit
HPRegen  0.19/turn              l - ring of fire
MPRegen  0.16/turn              (no ring)

@: no status effects
A: permanent stasis, dig shafts and tunnels, four strong arms, antennae 3
a: Dig, Shaft Self


You were on level 6 of the Dungeon.
You visited 2 branches of the dungeon, and saw 7 of its levels.
You also visited: Sewer.

You collected 394 gold pieces.

Inventory:

Hand Weapons
 a - a +0 hunting sling (weapon)
 b - a +3 dagger
Missiles
 d - 15 bolts
 e - 153 stones (quivered ammo)
 r - 36 sling bullets
 y - 11 poisoned darts
 A - 2 javelins
 D - 11 boomerangs
 F - a throwing net
 G - 5 datura-tipped darts
 H - 38 arrows
Armour
 c - a scarf of resistance (worn)
 j - a +0 robe (worn)
 q - a +0 pair of gloves (worn)
Jewellery
 l - a ring of fire (left hand)
 o - an amulet of guardian spirit (around neck)
Scrolls
 f - a scroll of enchant armour
 i - a scroll of noise {unknown}
 k - a scroll of enchant weapon
 m - 2 scrolls of fog
 n - 2 scrolls of amnesia
 p - a scroll of magic mapping {unknown}
 w - 2 scrolls of teleportation {unknown}
 I - a scroll of random uselessness {unknown}
 J - 3 scrolls of silence
 K - 2 scrolls of remove curse {unknown}
Potions
 g - a potion of resistance {unknown}
 h - a potion of degeneration {unknown}
 s - 4 potions of lignification {unknown}
 t - 3 potions of curing {unknown}
 u - 2 potions of cancellation {unknown}
 v - 4 potions of heal wounds {unknown}
 x - 2 potions of mutation {unknown}
 z - 2 potions of flight {unknown}
 B - a potion of attraction {unknown}
 C - a potion of might {unknown}


   Skills:
 * Level 2.6 Fighting
 * Level 2.6 Armour
 - Level 1.7 Dodging
 - Level 2.4 Stealth
 - Level 7.0 Spellcasting
 - Level 6.0 Conjurations


You had 18 spell levels left.
You knew the following spells:

 Your Spells              Type           Power        Failure   Level
a - Searing Ray           Conj           62%          1%          2
c - Magic Dart            Conj           100%         1%          1

Your spell library contained the following spells:

 Spells                   Type           Power        Failure   Level
 Dazzling Flash           Conj/Hex       38%          9%          3
 Corona                   Hex            7%           10%         1
 Ensorcelled Hibernation  Hex/Ice        14%          14%         2
 Fulminant Prism          Conj/Hex       9%           26%         4
 Iskenderun's Mystic Bla  Conj/Tloc      19%          26%         4
 Confusing Touch          Hex            7%           28%         3
 Tukima's Dance           Hex            7%           28%         3


Dungeon Overview and Level Annotations

Branches:
Dungeon (6/15)             Temple (1/1) D:4           Sewer (visited)

Altars:
Ashenzari
Cheibriados
Dithmenos
Elyvilon
Fedhas
Makhleb
Nemelex Xobeh
Okawaru
Qazlal
Ru
Sif Muna
Trog
Uskayaw
Vehumet
Wu Jian
Xom
Yredelemnul
Zin
The Shining One

Shops:
D:6 *

Annotations:
D:3 Eustachio
D:4 exclusion: phantom
D:5 exclusions: centaur and 1 more exclusion
D:6 Grinder


Innate Abilities, Weirdness & Mutations

You cannot be hasted, slowed, berserked, paralysed or teleported.
You can dig through walls and to a lower floor.
Your four strong arms can wield two-handed weapons with a shield.
You have a pair of large antennae on your head. (SInv)


Message History

Anything else - Cancel.
You shout for attention!
The bat hits you but does no damage. The centaur barely misses you.
The adder barely misses you. The sky beast barely misses you.
What are your orders? t - Shout!
Orders for allies: a - Attack new target. r - Retreat! s - Stop attacking. g - Guard the area. f - Follow me.
Anything else - Cancel.
You shout for attention!
The centaur hits you. The bat barely misses you. The adder closely misses you.
The centaur closely misses you. The sky beast hits you.
The sky beast shocks you.
You die...

#.##...##..#...#.
#.#....##..#.≈l#.
#...##.##..#####.
#####.<###.##........
#......# #.#$........
#......# #.. #......
#....### ... #......
#..c.# ..# #....(.
#...@### #?..c{.
#.bYS#.# #....§.
#...b#≈# #..Z...
#..<.#.# ####Z.#
#....#.# ##Z(.#
####..≈# ##cl#.#
#.### ##{##### #.#
##.###### #.#
##{{..≈.≈≈


You could see a sky beast, a centaur, an adder and 2 bats.

Vanquished Creatures
  An ogre (D:5)
  A big kobold (Sewer)
  A bullfrog (D:6)
  2 scorpions
  A howler monkey (D:5)
  A bullfrog skeleton (D:4)
  5 orc priests
  An iguana (D:6)
  3 orc wizards (D:4)
  4 worker ants
  6 gnolls
  3 adders
  2 river rats (Sewer)
  A white imp (D:5)
  2 ufetubi
  An ooze (D:2)
  An adder zombie (D:5)
  A worm (D:3)
  A dart slug (D:1)
  2 leopard geckos
  26 orcs
  A ball python (D:2)
  7 giant cockroaches
  5 goblins
  7 hobgoblins
  10 jackals
  14 kobolds
  A quokka (D:3)
  10 bats
  9 frilled lizards
  A quokka skeleton (D:4)
  18 rats
149 creatures vanquished.

Vanquished Creatures (others)
  21 fungi (D:6)
21 creatures vanquished.

Grand Total: 170 creatures vanquished

Notes
Turn   | Place    | Note
-------+----------+-------------------------------------------
     0 | D:1      | DildoBatman the Formicid Conjurer began the quest for the
                  | Orb.
     0 | D:1      | Reached XP level 1. HP: 13/13 MP: 3/3
   162 | D:1      | Reached XP level 2. HP: 19/19 MP: 0/5
   165 | D:1      | Learned a level 2 spell: Searing Ray
   417 | D:1      | Reached XP level 3. HP: 16/24 MP: 3/6
  1303 | D:2      | Reached XP level 4. HP: 30/30 MP: 4/7
  1337 | D:2      | Reached skill level 5 in Conjurations
  1509 | D:2      | Reached XP level 5. HP: 31/35 MP: 0/8
  2694 | D:4      | Reached skill level 1 in Fighting
  2694 | D:4      | Reached skill level 1 in Armour
  2720 | D:4      | Found a staircase to the Ecumenical Temple.
  2726 | Temple   | Entered the Ecumenical Temple
  2799 | D:4      | Noticed Eustachio
  2863 | D:4      | Found a glowing drain.
  2876 | Sewer    | Entered a sewer
  2884 | Sewer    | Reached XP level 6. HP: 40/43 MP: 3/9
  3009 | Sewer    | Found a white marble altar of Elyvilon.
  3209 | D:4      | Reached skill level 3 in Spellcasting
  3540 | D:4      | Reached XP level 7. HP: 36/50 MP: 5/12
  3542 | D:4      | Reached skill level 4 in Spellcasting
  4027 | D:5      | Entered Level 5 of the Dungeon
  4102 | D:5      | Reached skill level 5 in Spellcasting
  4446 | D:5      | Found a glowing golden altar of the Shining One.
  4478 | D:5      | Reached skill level 6 in Spellcasting
  4478 | D:5      | Reached XP level 8. HP: 53/56 MP: 9/17
  5023 | D:6      | Reached skill level 7 in Spellcasting
  5227 | D:6      | Found Inaus's Lightly-Used Armoury.
  5230 | D:6      | Noticed Grinder
  5317 | D:6      | HP: 1/57 [sky beast (5)]
  5321 | D:6      | Slain by a sky beast

Illustrated notes

Levels and vault maps discovered:
D:1:      lemuel_arrival_hallway, layout_basic, lemuel_another_geyser
D:2:      layout_basic
D:3:      layout_loops_ring
D:4:      layout_basic, minmay_temple_entry_glassed_door,
          cheibrodos_sewer_entry_drain, uniq_eustachio
D:5:      layout_loops_ring, nicolae_overflow_hidden_temple, kennysheep_boxes
D:6:      layout_rooms, serial_aquarium, aquarium_bridge_square
          [aquarium_subvault_wall, aquarium_subvault_wall,
          aquarium_subvault_window, aquarium_subvault_bridge],
          aquarium_bridge_island_small [aquarium_subvault_small_open,
          aquarium_subvault_bridge, aquarium_subvault_wall,
          aquarium_subvault_wall, aquarium_subvault_bridge], aquarium_window_1,
          aquarium_window_1, aquarium_window_2, aquarium_window_3,
          aquarium_view_2e, aquarium_balcony_double_1, aquarium_pool_2,
          minmay_shop_damaged, uniq_grinder, uniq_edmund
Temple:   hc_temple_tempest_star

Skill      XL: |  1  2  3  4  5  6  7  8 |
---------------+-------------------------+-----
Conjurations   | 4 5 6 |  6.0
Fighting       | 1 2 |  2.6
Armour         | 1 2 |  2.6
Spellcasting   | 3 6 7 |  7.0
Dodging        | |  1.7
Stealth        | |  2.4

Action                   |  1- 3 |  4- 6 |  7- 9 || total
-------------------------+-------+-------+-------++-------
Melee: Club              |     4 |       |       ||     4
       Short sword       |    18 |    22 |       ||    40
       Dagger            |       |       |     4 ||     4
 Fire: Hunting sling     |       |    49 |    58 ||   107
 Cast: Magic Dart        |    44 |    38 |    14 ||    96
       Searing Ray       |     5 |    24 |    32 ||    61
 Abil: Dig               |     5 |     6 |     6 ||    17
  Use: Scroll            |       |     4 |     1 ||     5
 Stab: Sleeping          |     2 |     1 |       ||     3
Armor: Robe              |     7 |    11 |    27 ||    45
Dodge: Dodged            |    28 |    51 |    64 ||   143
